 Dungeon Crawl Stone Soup version 0.29.1-15-g9cfb28693d (webtiles) character file.

Game seed: 2582733055592064820

152 leafyfresh the Covert (level 5, -3/47 HPs)
             Began as a Gnoll Delver on May 20, 2023.
             Slain by a water moccasin (7 damage)
             ... on level 3 of the Dungeon.
             The game lasted 00:03:57 (3320 turns).

leafyfresh the Covert (Gnoll Delver)                Turns: 3320, Time: 00:03:57

Health: -3/47      AC:  8    Str: 11    XL:     5   Next: 34%
Magic:  7/7        EV: 10    Int: 10    God:
Gold:   141        SH:  0    Dex: 15    Spells: 7/7 levels left

rFire   + . .      SeeInvis .   a - +0 short sword
rCold   . . .      Faith    .   (no shield)
rNeg    . . .      Spirit   .   n - +1 scale mail {rF+}
rPois   .          Reflect  .   (no helmet)
rElec   .          Harm     .   (no cloak)
rCorr   +          Rampage  .   (no gloves)
Will    .....                   o - +0 pair of boots
Stlth   +++.......              (no amulet)
HPRegen 0.15/turn               j - ring of resist corrosion
MPRegen 0.10/turn               (no ring)

@: lethally poisoned (-3 -> -13)
A: fangs 1, strong nose, distributed training
a: no special abilities


You were on level 3 of the Dungeon.
You visited 1 branch of the dungeon, and saw 5 of its levels.

You collected 141 gold pieces.

Inventory:

Hand Weapons
 a - a +0 short sword (weapon)
 l - a +2 mace of holy wrath
Armour
 b - a +0 leather armour
 n - a +1 scale mail of fire resistance (worn)
 o - a +0 pair of boots (worn)
Jewellery
 d - an amulet of faith
 j - a ring of resist corrosion (left hand)
 w - a +4 ring of protection
Wands
 g - a wand of digging (3)
 m - a wand of flame (40)
 t - a wand of iceblast (4)
Scrolls
 c - a scroll of fog
 e - 2 scrolls of fear
 i - a scroll of teleportation {unknown}
 r - a scroll of vulnerability {unknown}
 s - 2 scrolls of identify {unknown}
 u - a scroll of noise {unknown}
Potions
 f - 2 potions of haste
 h - 4 potions of might {unknown}
 k - 2 potions of invisibility {unknown}
 p - a potion of brilliance {unknown}
 q - a potion of curing {unknown}
 v - a potion of ambrosia {unknown}
 x - a potion of flight {unknown}


   Skills:
 + Level 6.7 Fighting
 + Level 4.8 Short Blades
 + Level 1.5 Long Blades
 + Level 1.5 Axes
 + Level 1.5 Maces & Flails
 + Level 1.5 Polearms
 + Level 1.5 Staves
 + Level 1.5 Ranged Weapons
 + Level 1.5 Throwing
 + Level 1.5 Armour
 + Level 4.8 Dodging
 + Level 9.7 Stealth
 + Level 1.5 Shields
 + Level 1.5 Unarmed Combat
 + Level 1.5 Spellcasting
 + Level 1.2 Conjurations
 + Level 1.2 Hexes
 + Level 1.2 Summonings
 + Level 1.2 Necromancy
 + Level 1.2 Translocations
 + Level 1.2 Transmutations
 + Level 1.2 Fire Magic
 + Level 1.2 Ice Magic
 + Level 1.2 Air Magic
 + Level 1.2 Earth Magic
 + Level 1.2 Poison Magic
 + Level 1.7 Invocations
 + Level 1.5 Evocations


You had 7 spell levels left.
You didn't know any spells.
Your spell library was empty.

Dungeon Overview and Level Annotations

Branches:
Dungeon (5/15)             Temple (0/1) D:5

Altars:
Fedhas

Annotations:
D:4 Ijyb


Innate Abilities, Weirdness & Mutations

You have very sharp teeth.
Your uncanny sense of smell can sniff out nearby items.
Your experience applies equally to all skills.


Message History

An orc is nearby!
An orc is nearby!
The orc shouts!
The orc throws a boomerang.
The boomerang barely misses you.
A water moccasin comes into view.
The orc throws a boomerang.
The boomerang hits you.
The orc throws a boomerang.
The boomerang hits you but does no damage.
There is a stone staircase leading up here.
The water moccasin closely misses you. The water moccasin bites you.
You climb upwards.
There is a stone staircase leading down here.
Unknown command.
You barely miss the water moccasin.
The water moccasin bites you but does no damage.
You hit the water moccasin.
The water moccasin is lightly wounded.
The water moccasin bites you.
You closely miss the water moccasin.
The water moccasin is lightly wounded.
The water moccasin bites you!
* * * LOW HITPOINT WARNING * * *
You are lethally poisoned!
The water moccasin poisons you!
You closely miss the water moccasin.
The water moccasin is lightly wounded.
* * * LOW HITPOINT WARNING * * *
You feel very sick. The water moccasin barely misses you.
The water moccasin closely misses you.
You closely miss the water moccasin.
You bite the water moccasin, but do no damage.
The water moccasin is lightly wounded.
* * * LOW HITPOINT WARNING * * *
You feel very sick. The water moccasin barely misses you.
You hit the water moccasin but do no damage.
The water moccasin is lightly wounded.
* * * LOW HITPOINT WARNING * * *
You feel sick. The water moccasin bites you!
You die...

#.## #.#####.#.####
#...#####.
##.####.......>....#
#.........
.........####.#.##.#
#...######
##.####...###.#.##.# ##.## #
#.....).<.....#.##.# #.# #
#..####...#####..#.######.###
# #..# ##.## ##.#..........#
# #..#####.# #S######.....# #
#......#.# #@# #.###.#####
#.####.#.#######.#### #.#
#....## #.# #.#............#
#.###.##.# #.#
#...........##.# #.....##.#
#.# ##############.#
#####.##># #.#
#..........[.†# ####.##.# #.#
#.################.......#
#.## #.# #..........##.##.#
#..# #.# #.###########.##.#


You could see a water moccasin.

Vanquished Creatures
  An orc priest (D:4)
  An iguana (D:4)
  2 adders
  A worm (D:2)
  A dart slug (D:3)
  7 orcs
  3 endoplasms
  8 goblins
  5 hobgoblins
  5 jackals
  3 quokkas
  10 ball pythons
  6 bats
  9 kobolds
  4 rats
66 creatures vanquished.

Notes
Turn   | Place    | Note
-------+----------+-------------------------------------------
     0 | D:5      | Reached skill level 9 in Stealth
     0 | D:5      | leafyfresh the Gnoll Delver began the quest for the Orb.
     0 | D:5      | Reached XP level 1. HP: 23/23 MP: 1/1
    11 | D:5      | Found a blossoming altar of Fedhas.
    19 | D:4      | Noticed Ijyb
   425 | D:3      | Reached XP level 2. HP: 28/29 MP: 2/2
   944 | D:2      | Reached XP level 3. HP: 35/35 MP: 3/3
  1141 | D:2      | Reached skill level 1 in Invocations
  1439 | D:2      | Found a faded altar of an unknown god.
  1462 | D:2      | Reached skill level 1 in Long Blades
  1462 | D:2      | Reached skill level 1 in Axes
  1462 | D:2      | Reached skill level 1 in Maces & Flails
  1462 | D:2      | Reached skill level 1 in Polearms
  1462 | D:2      | Reached skill level 1 in Staves
  1462 | D:2      | Reached skill level 1 in Ranged Weapons
  1462 | D:2      | Reached skill level 1 in Throwing
  1462 | D:2      | Reached skill level 1 in Armour
  1462 | D:2      | Reached skill level 1 in Shields
  1462 | D:2      | Reached skill level 1 in Unarmed Combat
  1462 | D:2      | Reached skill level 1 in Spellcasting
  1462 | D:2      | Reached skill level 1 in Evocations
  2055 | D:1      | Reached XP level 4. HP: 41/41 MP: 5/5
  3000 | D:4      | Reached skill level 1 in Conjurations
  3000 | D:4      | Reached skill level 1 in Hexes
  3000 | D:4      | Reached skill level 1 in Summonings
  3000 | D:4      | Reached skill level 1 in Necromancy
  3000 | D:4      | Reached skill level 1 in Translocations
  3000 | D:4      | Reached skill level 1 in Transmutations
  3000 | D:4      | Reached skill level 1 in Fire Magic
  3000 | D:4      | Reached skill level 1 in Ice Magic
  3000 | D:4      | Reached skill level 1 in Air Magic
  3000 | D:4      | Reached skill level 1 in Earth Magic
  3000 | D:4      | Reached skill level 1 in Poison Magic
  3025 | D:4      | Reached XP level 5. HP: 24/47 MP: 5/7
  3307 | D:4      | Noticed a water moccasin
  3320 | D:3      | Slain by a water moccasin

Illustrated notes

Levels and vault maps discovered:
D:1:      dpeg_cavernosity, layout_basic
D:2:      mumra_celtic_spiral_tile, layout_basic,
          hellmonk_ecumenical_altar_lost_god
D:3:      layout_loops_ring
D:4:      layout_basic, serial_rivers, chequers_serial_rivers_micro_c,
          chequers_serial_rivers_micro_d, chequers_serial_rivers_micro_b,
          chequers_serial_rivers_micro_a, minmay_checkerbox, uniq_ijyb
D:5:      layout_loops_cross, fedhas_ov_isle_minmay,
          minmay_temple_entry_glassed_door, hangedman_abyss_or_decor_passed,
          minmay_liquid_box

Skill      XL: |  1  2  3  4 |
---------------+-------------+-----
Stealth        | |  9.7
Invocations    | 1 |  1.7
Long Blades    | 1 |  1.5
Axes           | 1 |  1.5
Maces & Flails | 1 |  1.5
Polearms       | 1 |  1.5
Staves         | 1 |  1.5
Ranged Weapons | 1 |  1.5
Throwing       | 1 |  1.5
Armour         | 1 |  1.5
Shields        | 1 |  1.5
Unarmed Combat | 1 |  1.5
Spellcasting   | 1 |  1.5
Evocations     | 1 |  1.5
Conjurations   | 1 |  1.2
Hexes          | 1 |  1.2
Summonings     | 1 |  1.2
Necromancy     | 1 |  1.2
Translocations | 1 |  1.2
Transmutations | 1 |  1.2
Fire Magic     | 1 |  1.2
Ice Magic      | 1 |  1.2
Air Magic      | 1 |  1.2
Earth Magic    | 1 |  1.2
Poison Magic   | 1 |  1.2
Fighting       | |  6.7
Short Blades   | |  4.8
Dodging        | |  4.8

Action                   |  1- 3 |  4- 6 || total
-------------------------+-------+-------++-------
Melee: Short sword       |   120 |   113 ||   233
       Bite              |    15 |     9 ||    24
       Punch             |     3 |       ||     3
  Use: Scroll            |     2 |       ||     2
 Stab: Sleeping          |    10 |     3 ||    13
Armor: Leather armour    |     5 |       ||     5
       Scale mail        |    29 |    56 ||    85
Dodge: Dodged            |    65 |    52 ||   117
